Map: Blackpink LE

Players

Deruziel - Winner!

  • Race: Terran Terran
  • League: Master
  • Spawn Location: 7:00

Stompy

  • Race: Zerg Zerg
  • League: Master
  • Spawn Location: 1:00

VOD

Have the link to the VOD?

Description

Time

  • Played on: Feb. 12, 2018, 9:10 a.m.
  • Length: 20:06
Show
View Real Time Build Order
Export as new Build Order

Deruziel Terran - Winner!

Build Orders: Mech 

Get SALT Encoding   

  12  0:00  SCV  
  13  0:12  SCV  
  14  0:17  Supply Depot  
  14  0:25  SCV  
  15  0:39  SCV  
  15  0:41  Barracks  
  16  0:51  SCV  
  17  1:03  SCV  
  18  1:15  SCV  
  19  1:28  Marine  
  19  1:29  Orbital Command  
  20  1:33  Command Center  
  20  1:41  Refinery  
  20  1:46  Marine  
  21  1:49  Supply Depot  
  21  1:52  Refinery  
  21  1:55  SCV  
  22  2:04  Marine  
  23  2:11  SCV  
  24  2:19  Bunker  
  24  2:22  Barracks Reactor  
  24  2:23  SCV  
  25  2:35  SCV  
  26  2:49  Command Center  
  26  2:52  SCV  
  26  2:53  Factory  
  27  3:00  Orbital Command  
  27  3:04  Marine  
  28  3:07  SCV  
  29  3:19  SCV  
  30  3:21  Factory  
  30  3:27  SCV  
  30  3:31  SCV  
  32  3:39  SCV  
  33  3:44  Factory  
  33  3:45  Barracks Reactor, SCV  
  34  3:51  Hellion  
  36  3:57  SCV  
  36  3:59  Hellion  
  36  4:02  SCV  
  40  4:06  Orbital Command  
  40  4:13  Hellion  
  42  4:17  Supply Depot  
  42  4:19  SCV  
  42  4:20  Hellion  
  45  4:25  SCV  
  46  4:31  Barracks Tech Lab, SCV  
  46  4:33  Supply Depot, SCV  
  46  4:36  Hellion  
  46  4:37  SCV  
  51  4:43  SCV  
  52  4:47  Supply Depot  
  52  4:48  SCV  
  52  4:49  SCV  
  52  4:52  Refinery  
  54  4:54  Refinery  
  54  4:59  SCV  
  55  5:00  SCV, Armory  
  55  5:01  Armory, SCV  
  55  5:06  Siege Tank  
  60  5:11  SCV  
  60  5:12  SCV  
  62  5:21  Hellion x3, Infernal Pre-Igniter  
  60  5:22  SCV  
  60  5:24  SCV  
  62  5:30  Orbital Command  
  62  5:33  Supply Depot  
  62  5:34  Supply Depot  
  62  5:37  Hellion  
  62  5:40  SCV  
  62  5:42  Hellion x2  
  69  5:51  Hellion  
  69  5:53  Siege Tank  
  69  5:54  Starport, SCV  
  75  6:01  SCV x2  
  75  6:04  Hellion  
  79  6:05  Cyclone  
  79  6:07  SCV  
  79  6:11  Terran Vehicle Weapons Level 1  
  83  6:12  Terran Vehicle And Ship Armor Level 1  
  83  6:13  SCV  
  84  6:19  SCV x2  
  84  6:25  Siege Tank, SCV  
  90  6:28  Refinery  
  90  6:30  Viking  
  90  6:31  Refinery, SCV  
  90  6:32  SCV  
  94  6:33  Factory  
  94  6:37  SCV  
  95  6:40  Supply Depot  
  95  6:42  Supply Depot  
  95  6:43  SCV  
  95  6:44  SCV  
  97  6:49  SCV  
  100  6:54  Hellion  
  100  6:55  SCV  
  100  7:01  Barracks Tech Lab, Supply Depot  
  101  7:02  Hellion x3, SCV x2  
  101  7:03  Supply Depot  
  101  7:05  Factory  
  101  7:07  SCV  
  110  7:14  SCV  
  111  7:21  SCV  
  112  7:26  Starport Tech Lab  
  112  7:30  SCV x2  
  112  7:31  Supply Depot  
  112  7:32  Supply Depot  
  112  7:36  SCV  
  115  7:38  Supply Depot  
  115  7:40  Supply Depot  
  115  7:42  SCV x2  
  117  7:45  Siege Tank x2  
  117  7:48  Command Center  
  117  7:51  SCV  
  118  8:00  Starport Reactor  
  118  8:03  Siege Tank  
  118  8:04  Hellion x3  
  118  8:05  Hellion  
  129  8:08  SCV x2  
  129  8:09  Terran Vehicle Weapons Level 2, Terran Vehicle And Ship Armor Level 2  
  129  8:18  Supply Depot, SCV  
  130  8:21  Engineering Bay  
  130  8:26  SCV  
  130  8:27  Engineering Bay, Siege Tank x2  
  137  8:36  Siege Tank, Hellion  
  137  8:37  Viking x2, Hellion x3  
  137  8:40  Supply Depot  
  152  8:45  Supply Depot  
  152  8:55  Sensor Tower  
  152  9:01  Sensor Tower  
  152  9:04  Command Center  
  152  9:06  Missile Turret  
  152  9:10  Missile Turret x3  
  152  9:16  Thor x2  
  164  9:21  Planetary Fortress  
  164  9:24  Refinery  
  164  9:25  Refinery  
  164  9:26  Siege Tank  
  167  9:35  Hellion x2  
  167  9:36  Viking, Hellion x2  
  177  9:57  Hellion  
  177  9:58  Siege Tank  
  182  10:08  Siege Tank x2, Viking, Hellion  
  182  10:09  Viking, Hellion  
  158  10:30  Siege Tank, Terran Vehicle Weapons Level 3, Terran Vehicle And Ship Armor Level 3  
  158  10:31  SCV x2  
  158  10:32  SCV  
  158  10:33  SCV  
  165  10:38  Viking x2  
  165  10:40  Siege Tank, Command Center  
  172  10:43  SCV  
  157  10:58  Siege Tank  
  157  10:59  Hellion  
  157  11:04  Hellion x3  
  153  11:05  Siege Tank  
  153  11:06  Hellion x2  
  153  11:08  Viking  
  159  11:12  Siege Tank  
  159  11:15  Viking  
  164  11:19  Starport  
  164  11:20  Starport  
  164  11:21  Ghost Academy  
  164  11:22  Barracks  
  160  11:30  SCV  
  161  11:33  Sensor Tower  
  164  11:47  Siege Tank x3, Hellion  
  164  11:48  Viking x2, Hellion x3  
  174  12:00  Planetary Fortress  
  174  12:01  Planetary Fortress  
  168  12:09  Barracks Tech Lab  
  168  12:10  Personal Cloaking  
  168  12:11  Hellion x7  
  168  12:15  Barracks x2  
  168  12:23  Viking x4  
  168  12:28  Barracks  
  174  12:30  Refinery  
  174  12:34  Refinery  
  174  12:43  Ghost  
  176  12:45  Thor x3  
  194  12:53  Viking  
  194  12:54  Smart Servos  
  196  13:02  Hellion x2  
  198  13:12  Viking x2  
  190  13:28  Siege Tank  
  190  13:33  Ghost  
  195  13:34  Barracks Tech Lab x2  
  195  13:40  Barracks Tech Lab  
  191  13:42  Starport Reactor  
  176  13:49  Starport Reactor  
  149  13:59  Ghost x3  
  149  14:01  Viking x2  
  149  14:02  Thor x3  
  152  14:05  SCV x3  
  152  14:08  SCV  
  168  14:11  SCV  
  168  14:13  Ghost  
  168  14:16  Hellion  
  173  14:17  Command Center  
  168  14:45  Siege Tank  
  163  14:54  Terran Ship Weapons Level 1  
  163  14:57  Hi-Sec Auto Tracking, Building Armor  
  163  14:58  SCV x2  
  163  14:59  SCV  
  164  15:02  SCV  
  165  15:14  Ghost x4  
  165  15:15  Thor x2  
  165  15:17  Viking x5  
  164  15:57  Hellion x2  
  164  15:58  Hellion  
  164  15:59  Command Center  
  155  16:19  Hellion x2  
  155  16:21  Thor x3  
  155  16:24  Viking x2  
  181  16:27  Ghost  
  181  16:29  Nuke  
  183  17:03  Thor  
  183  17:05  Ghost Academy  
  183  17:06  Ghost Academy x2  
  183  17:07  Ghost Academy  
  189  17:12  Planetary Fortress  
  189  17:19  Refinery x2  
  187  17:38  Nuke  
  187  17:39  Nuke x3  
  185  18:15  Thor x2  
  197  18:24  SCV x3  
  192  19:03  Nuke  
  192  19:04  Nuke x3  
  160  19:41  Widow Mine x3  
  160  19:42  Widow Mine  
Show
View Real Time Build Order
Export as new Build Order

Stompy Zerg 

Build Orders: Hatch First 

Get SALT Encoding   

  12  0:01  Drone  
  13  0:12  Overlord  
  13  0:17  Drone  
  14  0:31  Drone x2  
  16  0:38  Drone  
  17  0:46  Drone  
  18  1:00  Hatchery  
  18  1:01  Drone  
  18  1:08  Drone, Extractor  
  18  1:18  Spawning Pool  
  17  1:20  Drone  
  18  1:29  Drone  
  19  1:40  Drone  
  20  1:52  Overlord  
  20  2:04  Queen  
  22  2:09  Metabolic Boost  
  22  2:13  Queen  
  22  2:14  Zergling x4  
  26  2:17  Drone  
  27  2:23  Drone x2  
  29  2:42  Hatchery  
  28  2:45  Queen  
  30  2:52  Queen  
  30  2:57  Drone x2  
  34  3:01  Drone  
  35  3:06  Overlord  
  35  3:08  Drone  
  36  3:24  Queen  
  38  3:28  Queen  
  40  3:35  Drone x3  
  40  3:36  Drone  
  40  3:40  Overlord  
  44  3:47  Overlord  
  44  3:50  Overlord  
  44  3:58  Zergling x2  
  44  3:59  Zergling x8  
  44  4:00  Zergling x2  
  50  4:06  Queen  
  52  4:14  Drone x3  
  55  4:21  Drone  
  55  4:22  Drone x4  
  60  4:24  Drone  
  61  4:37  Drone  
  62  4:38  Drone x2  
  62  4:39  Drone  
  65  4:46  Evolution Chamber  
  65  4:48  Evolution Chamber  
  65  4:49  Lair  
  65  4:51  Roach Warren  
  62  4:56  Drone x4  
  61  5:23  Drone x3  
  61  5:24  Drone  
  61  5:25  Overlord x4  
  65  5:30  Zerg Missile Weapons Level 1  
  65  5:33  Zerg Ground Armor Level 1  
  65  5:39  Hatchery  
  64  5:43  Extractor x2  
  64  5:44  Drone x6, Extractor  
  64  5:49  Drone  
  69  5:50  Drone x2  
  70  5:58  Glial Reconstitution  
  70  6:01  Drone  
  71  6:07  Drone x5  
  71  6:08  Drone x5  
  80  6:19  Drone x4  
  84  6:26  Drone x2  
  84  6:27  Drone x3, Hydralisk Den  
  84  6:28  Infestation Pit  
  84  6:31  Extractor  
  84  6:32  Extractor  
  85  6:35  Roach  
  85  6:38  Roach x4  
  85  6:39  Roach  
  96  6:51  Roach x2  
  96  6:52  Overlord x4  
  100  7:00  Roach  
  102  7:02  Grooved Spines  
  102  7:08  Overlord x5  
  102  7:09  Overlord  
  104  7:30  Roach x5  
  104  7:31  Roach x4  
  120  7:40  Roach x3  
  120  7:41  Roach x4  
  120  7:43  Zerg Missile Weapons Level 2  
  134  7:45  Zerg Ground Armor Level 2  
  134  7:55  Hive  
  134  7:56  Hydralisk  
  134  7:57  Hydralisk  
  138  8:00  Drone  
  138  8:01  Drone x5  
  138  8:05  Overlord  
  144  8:06  Extractor  
  143  8:13  Drone x5  
  143  8:17  Drone x5, Extractor  
  152  8:24  Hydralisk x3  
  158  8:29  Hydralisk x2  
  162  8:43  Hydralisk x5  
  162  8:44  Hydralisk  
  162  8:47  Muscular Augments  
  174  8:50  Roach x2  
  174  8:51  Roach x2  
  182  8:57  Overlord x3  
  182  9:19  Nydus Network, Viper  
  182  9:20  Viper x2  
  190  9:28  Viper  
  193  9:37  Viper  
  177  10:10  Roach  
  114  10:30  Spire  
  113  10:38  Hydralisk x3  
  113  10:39  Hydralisk x5  
  113  10:40  Hydralisk x5  
  113  10:41  Hydralisk x3  
  144  11:06  Hydralisk x5  
  154  11:14  Drone x4  
  154  11:15  Drone x3  
  161  11:22  Hydralisk x3  
  161  11:23  Hydralisk  
  169  11:27  Hatchery  
  168  11:35  Drone x2  
  168  11:36  Drone x3  
  173  11:40  Hatchery  
  173  11:44  Greater Spire  
  173  11:45  Hatchery  
  171  11:49  Hatchery  
  168  12:12  Extractor x2  
  166  12:20  Corruptor x3  
  166  12:21  Corruptor x2  
  176  12:29  Drone  
  177  12:30  Drone x5  
  177  12:31  Drone x4  
  177  12:36  Extractor  
  185  12:40  Zerg Missile Weapons Level 3, Extractor  
  184  12:54  Zerg Ground Armor Level 3  
  182  13:23  Brood Lord  
  182  13:24  Brood Lord x2  
  149  14:01  Hydralisk  
  149  14:02  Hydralisk x12  
  159  14:04  Queen  
  159  14:06  Drone x14  
  183  14:15  Zerg Flyer Weapons Level 1  
  183  14:20  Hydralisk x3  
  183  14:21  Hydralisk  
  146  14:56  Corruptor x3  
  146  14:57  Corruptor x4  
  160  15:10  Drone x4  
  160  15:11  Drone x12  
  176  15:24  Corruptor x4  
  127  15:54  Roach  
  127  15:55  Hydralisk  
  127  15:56  Hydralisk x6  
  117  16:10  Hydralisk  
  117  16:11  Drone, Hydralisk x3  
  126  16:19  Brood Lord  
  126  16:21  Brood Lord  
  130  16:28  Extractor  
  130  16:29  Extractor  
  128  16:34  Brood Lord x2  
  128  16:36  Corruptor  
  128  16:38  Overseer x2  
  131  16:56  Hydralisk x2, Corruptor  
  113  17:11  Hydralisk x5  
  99  17:39  Hydralisk  
  99  17:40  Hydralisk x5  
  111  18:01  Hatchery  
  111  18:05  Hydralisk, Pneumatized Carapace  
  110  18:06  Hydralisk  
  114  18:14  Hydralisk  
  116  18:20  Hydralisk  
  118  18:30  Corruptor  
  118  18:31  Corruptor  
  91  19:10  Overseer  
  69  19:32  Hydralisk x5  
  69  19:33  Hydralisk x2  
  67  19:50  Drone x3  
Tags
 
Composition
Mech
Matchup
TvZ
Spawn Locations
Cross Positions
Add a new tag
Caveats
  • Supply blocks, unpowered buildings, or Contaminate may cause inaccurate times.
  • Supply counts are checked every 10 seconds.